 Dungeon Crawl Stone Soup version 0.29-a0-550-g81e455f4c2 (webtiles) character file.

Game seed: 13625094397430591771

64 Lekart the Skirmisher (level 3, -7/33 HPs)
             Began as a Draconian Abyssal Knight on June 5, 2022.
             Was a Believer of Lugonu.
             Mangled by Natasha (8 damage)
             ... on level 2 of the Dungeon.
             The game lasted 00:01:28 (1513 turns).

Lekart the Skirmisher (Draconian Abyssal Knight)    Turns: 1513, Time: 00:01:29

Health: -7/33      AC:  5    Str: 15    XL:     3   Next: 91%
Magic:  4/4        EV: 12    Int: 10    God:    Lugonu [**....]
Gold:   105        SH:  0    Dex: 13    Spells: 2/2 levels left

rFire   . . .      SeeInvis .   a - +1 hand axe
rCold   . . .      Faith    .   (no shield)
rNeg    . . .      Spirit   .   (body armour unavailable)
rPois   .          Reflect  .   (helmet restricted)
rElec   .          Harm     .   (no cloak)
rCorr   .          Rampage  .   (no gloves)
Will    .....      Clarity  +   (no boots)
Stlth   +.........              (no amulet)
HPRegen 0.11/turn               (no ring)
MPRegen 0.09/turn               (no ring)

@: slowed, very slow
A: AC +5, unfitting armour, cold-blooded, clarity, mutation resistance 1
a: Renounce Religion, Depart the Abyss, Bend Space


You were on level 2 of the Dungeon.
You worshipped Lugonu.
Lugonu was pleased with you.
You visited 1 branch of the dungeon, and saw 2 of its levels.
You visited the Abyss 1 time.

You collected 105 gold pieces.

Inventory:

Hand Weapons
 a - a +1 hand axe (weapon)
Scrolls
 d - a scroll of fear {unknown}
 e - 2 scrolls of blinking {unknown}


   Skills:
 + Level 4.1 Fighting
 + Level 2.8 Axes
 + Level 2.5 Dodging
 * Level 2.6 Invocations


You had 2 spell levels left.
You didn't know any spells.
Your spell library was empty.

Dungeon Overview and Level Annotations

Branches:
Dungeon (2/15)

Altars:

Shops:
D:1 [

Annotations:
D:2 Natasha


Innate Abilities, Weirdness & Mutations

Your plain brown scales are hard. (AC +5)
You cannot fit into any form of body armour.
You are cold-blooded and may be slowed by cold attacks.
You possess an exceptional clarity of mind.
You are somewhat resistant to further mutation.


Message History

You feel a little less clever now.
You start resting.
Natasha, Servant of Life and Death comes into view.
Natasha misses you.
You closely miss Natasha. Natasha claws you but does no damage.
You hit Natasha. You punch Natasha, but do no damage.
Natasha is lightly wounded.
Natasha casts a spell at you. The magic dart hits you.
You hit Natasha.
Natasha is lightly wounded.
Natasha stares at you and mumbles some strange words.
The magic dart hits you. Natasha claws you.
* * * LOW HITPOINT WARNING * * *
You closely miss Natasha. You tail-slap Natasha.
Natasha is moderately wounded.
Natasha casts a spell at you.
You feel yourself slow down.
You barely miss Natasha.
Natasha is moderately wounded.
Natasha closely misses you.
You hit Natasha.
Natasha is heavily wounded.
Natasha claws you.
* * * LOW HITPOINT WARNING * * *
Natasha mumbles some strange words.
You aren't carrying any potions.
You slash Natasha!
You tail-slap Natasha, but do no damage.
Natasha is almost dead.
You hit the shadow imp. Natasha claws you.
* * * LOW HITPOINT WARNING * * *
The shadow imp hits you but does no damage.
Natasha closely misses you.
You barely miss Natasha.
Natasha is almost dead.
You hit the shadow imp. The shadow imp hits you.
* * * LOW HITPOINT WARNING * * *
Natasha claws you!
You die...

..... ..........'...............
...# $.........###.............
...# ..........# #.............
...# ..........# #.).........##
...# ..........# #.........#...
....# ..........###########.#.##
....# ..........#.....## #.#.#.
....# .........5#.###..####.#...
....# #........@h.#$#.......#...
....# ###########.###.#######...
....## #.....# #.#. ......#
##...## #...
......#############.### #...
......#.............# #...
......#..........#### #...
.)....#..........# #...
......#..........#############...


You could see Natasha and a shadow imp (summoned).

Vanquished Creatures
  Natasha (D:2)
  A dart slug (D:1)
  5 ball pythons
  2 bats (D:1)
  3 endoplasms
  A giant cockroach (D:1)
  2 goblins
  9 hobgoblins
  2 jackals (D:2)
  A quokka (D:2)
  3 frilled lizards
  2 kobolds (D:1)
  2 rats (D:1)
34 creatures vanquished.

Notes
Turn   | Place    | Note
-------+----------+-------------------------------------------
     0 | Abyss:1  | Lekart the Draconian Abyssal Knight began the quest for the
                  | Orb.
     0 | Abyss:1  | Reached XP level 1. HP: 19/19 MP: 2/2
     5 | D:1      | Escaped the Abyss
    65 | D:1      | Found Gewaxuo's Armour Boutique.
   324 | D:1      | Reached XP level 2. HP: 26/26 MP: 3/3
  1095 | D:2      | Reached XP level 3. HP: 33/33 MP: 4/4
  1271 | D:2      | Found a faded altar of an unknown god.
  1282 | D:2      | Reached skill level 4 in Fighting
  1418 | D:2      | Noticed Natasha
  1428 | D:2      | Gained mutation: You possess an exceptional clarity of
                  | mind. [potion of mutation]
  1428 | D:2      | Gained mutation: You are somewhat resistant to further
                  | mutation. [potion of mutation]
  1434 | D:2      | Killed Natasha
  1503 | D:2      | Noticed Natasha
  1513 | D:2      | HP: 1/33 [shadow imp[Natasha] (1)]
  1513 | D:2      | Mangled by Natasha

Illustrated notes

Levels and vault maps discovered:
D:1:      psy_arrival_basics, layout_basic, serial_shops, nicolae_diamond_shop,
          minmay_cut_off
D:2:      layout_basic, ebering_ecumenical_altar_box, item_on_display_b,
          uniq_natasha

Skill      XL: |  1  2  3 |
---------------+----------+-----
Fighting       | 4 |  4.1
Axes           | |  2.8
Dodging        | |  2.5
Invocations    | |  2.6

Action                   || total
-------------------------++-------
Melee: Hand axe          ||    88
       Tailslap          ||     9
       Punch             ||     1
  Use: Scroll            ||     3
       Potion            ||     3
 Stab: Sleeping          ||     4
Armor: Skin              ||    24
Dodge: Dodged            ||    65

Table legend: (Time is in decaauts)
 A = Elapsed time spent in this place.
 B = Non-inter-level travel time spent in this place.
 C = Inter-level travel time spent in this place.
 D = Time resting spent in this place.
 E = Time spent auto-exploring this place.
 F = Levels seen in this place.
 G = Mean time per level.
                   A        B        C        D        E       F      G
               +--------+--------+--------+--------+--------+-----+--------+
         Total |   1530 |   1495 |     35 |     69 |   1187 |   3 |  510.0 |
       Dungeon |   1525 |   1490 |     35 |     69 |   1187 |   2 |  762.5 |
         Abyss |      5 |      5 |      0 |      0 |      0 |   1 |    5.0 |
               +--------+--------+--------+--------+--------+-----+--------+

Top non-repeatable levels by time:
     D:1: 1041 daAuts
     D:2: 483 daAuts
 Abyss:1: 5 daAuts
